 Dungeon Crawl Stone Soup version 0.20.1-1-g8b1a95d (console) character file.

74 hilaritas the Shield-Bearer (level 4, -3/35 HPs)
             Began as a Formicid Fighter on Aug 10, 2017.
             Killed by nerve-wracking pain
             ... invoked by Grinder
              (12 damage)
             ... on level 3 of the Dungeon.
             The game lasted 00:04:23 (2330 turns).

hilaritas the Shield-Bearer (Formicid Fighter)      Turns: 2330, Time: 00:04:24

Health: -3/35      AC:  9    Str: 26    XL:     4   Next: 52%
Magic:  4/4        EV:  6    Int:  8    God:
Gold:   183        SH: 10    Dex: 10    Spells: 3/3 levels left

rFire    . . .     SeeInvis +   a - +0 war axe
rCold    . . .     Gourm    .   c - +0 shield
rNeg     . . .     Faith    .   y - +0 chain mail
rPois    .         Spirit   .   (helmet unavailable)
rElec    .         Reflect  .   (no cloak)
rCorr    .         Harm     .   (no gloves)
MR       .....                  (no boots)
Stlth    ..........             (no amulet)
Regen    0.2/turn               (no ring)
MPRegen  0.1/turn               (no ring)

@: mighty
A: permanent stasis, dig shafts and tunnels, four strong arms, antennae 3
a: Dig, Shaft Self


You were on level 3 of the Dungeon.
You were not hungry.

You visited 1 branch of the dungeon, and saw 3 of its levels.

You collected 183 gold pieces.

Inventory:

Hand Weapons
 a - a +0 war axe (weapon)
 e - a +0 club
 k - a +3 hand axe
Missiles
 o - 13 javelins (quivered)
Armour
 c - a +0 shield (worn)
 y - a +0 chain mail (worn)
Scrolls
 g - 5 scrolls of identify {unknown}
 i - a scroll of amnesia {unknown}
 j - 3 scrolls of teleportation {unknown}
 l - a scroll of fear {unknown}
 m - a scroll of fog {unknown}
 n - 2 scrolls of remove curse {unknown}
 v - a scroll of blinking {unknown}
 w - a scroll of recharging {unknown}
Potions
 q - 2 potions of heal wounds {unknown}
 s - 2 potions of mutation {unknown}
 t - a potion of haste {unknown}
 u - a potion of curing {unknown}
 z - a potion of lignification {unknown}
Comestibles
 f - 2 bread rations
 h - 5 fruits
 p - a meat ration
 r - a royal jelly


   Skills:
 - Level 3.2 Fighting
 * Level 3.7 Axes
 - Level 3.2 Armour
 + Level 4.5 Shields


You had 3 spell levels left.
You didn't know any spells.

Dungeon Overview and Level Annotations

Branches:
Dungeon (3/15)

Altars:

Annotations:
D:3 Grinder


Innate Abilities, Weirdness & Mutations

You cannot be hasted, slowed, berserked, paralysed or teleported.
You can dig through walls and to a lower floor.
Your four strong arms can wield two-handed weapons with a shield.
You have a pair of large antennae on your head. (SInv)


Message History

Grinder is moderately wounded.
You block Grinder's attack. Grinder hits you.
You barely miss Grinder.
Grinder is moderately wounded.
Grinder hits you but does no damage.
You slash Grinder!
Grinder is severely wounded.
Grinder hits you.
* * * LOW HITPOINT WARNING * * *
You hit Grinder but do no damage.
Grinder is severely wounded.
Grinder gestures at you.
Your stasis prevents you from being paralysed.
Grinder gestures at you.
You barely resist. You closely miss Grinder.
Grinder is severely wounded.
Grinder gestures at you. Pain shoots through your body!
You die...

#######
#....<#
#.#####
#5# #@#
#.# #.#
#.# ...
#.# #.#
..# ###


You could see Grinder.

Vanquished Creatures
  2 adders (D:2)
  An ooze (D:2)
  2 worms (D:2)
  2 dart slugs (D:2)
  A leopard gecko (D:2)
  6 bats
  2 giant cockroaches
  5 goblins
  5 hobgoblins
  4 ball pythons
  2 frilled lizards
  3 kobolds (D:2)
  4 rats
39 creatures vanquished.

Notes
Turn   | Place    | Note
-------+----------+-------------------------------------------
     0 | D:1      | hilaritas the Formicid Fighter began the quest for the Orb.
     0 | D:1      | Reached XP level 1. HP: 18/18 MP: 1/1
   352 | D:1      | Reached XP level 2. HP: 24/24 MP: 2/2
   572 | D:1      | Reached skill level 4 in Shields
  1195 | D:2      | Reached XP level 3. HP: 29/29 MP: 3/3
  1651 | D:2      | Reached XP level 4. HP: 26/35 MP: 4/4
  2314 | D:3      | Noticed Grinder
  2330 | D:3      | Killed from afar by Grinder

Skill      XL: |  1  2  3 |
---------------+----------+-----
Shields        | 4 |  4.5
Axes           | 3 |  3.7
Fighting       | |  3.2
Armour         | |  3.2

Action                   |  1- 3 |  4- 6 || total
-------------------------+-------+-------++-------
Melee: War axe           |    94 |    56 ||   150
  Use: Potion            |       |     1 ||     1
  Eat: Chunk             |     2 |     3 ||     5
Armor: Scale mail        |    49 |    12 ||    61
       Chain mail        |       |    25 ||    25
Dodge: Dodged            |    30 |    28 ||    58
Block: Shield            |    58 |    43 ||   101
